 Dungeon Crawl Stone Soup version 0.26-b1-32-g5d43845318 (webtiles) character file.

Game seed: 1075961081073282296

1580 Dirian the Carver (level 8, -4/70 HPs)
             Began as a Minotaur Fighter on Jan 5, 2021.
             Was an Elder of Lugonu.
             Hit by a large rock thrown by a cyclops (30 damage)
             ... on level 5 of the Dungeon.
             The game lasted 00:09:13 (6685 turns).

Dirian the Carver (Minotaur Fighter)                Turns: 6685, Time: 00:09:13

Health: -4/70      AC: 11    Str: 27    XL:     8   Next: 60%
Magic:  9/9        EV:  7    Int: 11    God:    Lugonu [****..]
Gold:   161        SH: 12    Dex: 12    Spells: 7/7 levels left

rFire    . . .     SeeInvis .   a - +0 long sword
rCold    . . .     Faith    .   c - +1 kite shield
rNeg     . . .     Spirit   .   o - +0 chain mail
rPois    .         Reflect  .   (helmet restricted)
rElec    .         Harm     .   (no cloak)
rCorr    .         Rampage  .   (no gloves)
Will     .....                  s - +0 pair of boots
Stlth    ..........             j - amulet of the acrobat
HPRegen  0.21/turn              g - +6 ring of strength
MPRegen  0.11/turn              f - +6 ring of intelligence

@: mighty
A: retaliatory headbutt, horns 2
a: Renounce Religion, Depart the Abyss, Bend Space, Banish, Corrupt


You were on level 5 of the Dungeon.
You worshipped Lugonu.
Lugonu was greatly pleased with you.
You visited 1 branch of the dungeon, and saw 5 of its levels.

You collected 281 gold pieces.
You spent 120 gold pieces at shops.

Inventory:

Hand Weapons
 a - a +0 long sword (weapon)
Armour
 c - a +1 kite shield (worn)
 o - a +0 chain mail (worn)
 s - a +0 pair of boots (worn)
Jewellery
 f - a +6 ring of intelligence (right hand)
 g - a +6 ring of strength (left hand)
 j - an amulet of the acrobat (around neck)
Scrolls
 t - 6 scrolls of teleportation
 x - 3 scrolls of remove curse
 z - a scroll of blinking
Potions
 e - 2 potions of ambrosia {unknown}
 h - a potion of flight
 q - 2 potions of lignification {unknown}
 u - a potion of degeneration {unknown}
 v - a potion of resistance {unknown}
 w - 2 potions of heal wounds


   Skills:
 + Level 6.1 Fighting
 + Level 8.2 Long Blades
 + Level 7.2 Armour
 - Level 1.2 Dodging
 - Level 0.8 Stealth
 - Level 6.0 Shields
 * Level 2.9 Invocations


You had 7 spell levels left.
You didn't know any spells.
Your spell library contained the following spells:

 Spells                   Type           Power        Failure   Level
 Summon Small Mammal      Summ           0%           99%         1
 Call Imp                 Summ           0%           100%        2
 Call Canine Familiar     Summ           0%           100%        3
 Summon Guardian Golem    Hex/Summ       0%           100%        3
 Summon Ice Beast         Ice/Summ       0%           100%        4
 Summon Lightning Spire   Summ/Air       0%           100%        4


Dungeon Overview and Level Annotations

Branches:
Dungeon (5/15)
 Temple: D:4-7

Altars:
Cheibriados
Trog
Lugonu

Shops:
D:5 *

Annotations:
D:5 5 runed translucent doors


Innate Abilities, Weirdness & Mutations

You reflexively headbutt those who attack you in melee.
You have a pair of horns on your head.


Message History

There is an open door here.
You open the door.
A cyclops comes into view.
The cyclops shouts!
The cyclops throws a large rock.
The large rock hits you!!
A cyclops is nearby!
A cyclops is nearby!
A cyclops is nearby!
You feel very mighty all of a sudden.
The cyclops throws a large rock.
The large rock hits you!!
There is an open door here.
Press: ? - help, Shift-Dir - straight line, f - cyclops
Aim: a cyclops, quivering 3 large rocks (chance to affect: 67%)
You fail to use your ability.
The cyclops throws a large rock.
You block the large rock.
Press: ? - help, Shift-Dir - straight line, f/p - cyclops
Aim: a cyclops, quivering 2 large rocks (chance to affect: 67%)
You fail to use your ability.
The cyclops throws a large rock.
The large rock hits you!!
You die...

.##....#..##################.....
..#.....P................).......
#.#....≈≈≈≈≈≈≈≈≈≈≈≈≈≈≈≈≈≈≈....≈≈≈
###....≈≈≈≈≈≈≈≈≈≈≈≈≈≈≈≈≈≈≈....≈≈≈
#....≈≈#####≈≈≈≈≈≈≈≈≈≈≈≈....≈≈≈
#....≈≈#...#...................
#....≈≈#...#############''''###
#...P≈≈###'#..#..#######....###
###....≈≈≈.#.#C.@(.'.....'....'..
..#....≈≈≈.#.#..#..#######..))###
..#....≈≈≈.#)##############')####
..#....≈≈≈.#))....'..........)(..
#.#....≈≈≈.#)(....'..............
###....≈≈≈.#)######..........()..
#.P..≈≈≈.#)#....#.............)
#....≈≈≈.#.#....#########')####
###....≈≈###'#....'.......'..'...


You could see a cyclops.

Vanquished Creatures
  The ghost of Gakkymeimi the Sneak, an amateur DrBr of the Shining One (D:4)
  A sky beast (D:5)
  An ogre (D:5)
  A gnoll sergeant (D:5)
  A scorpion (D:4)
  A jelly (D:5)
  A gnoll shaman (D:5)
  4 orc wizards
  A bullfrog skeleton (D:4)
  A centaur skeleton (D:4)
  An orc priest (D:5)
  A hound (D:5)
  Ijyb (D:3)
  An iguana (D:4)
  2 worker ants
  A howler monkey skeleton (D:4)
  6 adders
  57 gnolls
  An ufetubus (D:5)
  2 oozes (D:4)
  An adder skeleton (D:5)
  2 worms (D:2)
  A dart slug (D:2)
  3 leopard geckos
  20 orcs
  2 ball pythons
  7 bats
  5 giant cockroaches
  7 goblins
  8 hobgoblins
  24 jackals
  9 kobolds
  A quokka (D:4)
  11 frilled lizards
  A jackal skeleton (D:5)
  A leopard gecko skeleton (D:4)
  12 rats
201 creatures vanquished.

Vanquished Creatures (others)
  An orc (D:4)
1 creature vanquished.

Grand Total: 202 creatures vanquished

Notes
Turn   | Place    | Note
-------+----------+-------------------------------------------
     0 | D:1      | Dirian the Minotaur Fighter began the quest for the Orb.
     0 | D:1      | Reached XP level 1. HP: 19/19 MP: 0/0
   397 | D:1      | Reached XP level 2. HP: 27/27 MP: 1/1
  1093 | D:1      | Reached skill level 3 in Long Blades
  1279 | D:2      | Reached XP level 3. HP: 32/33 MP: 2/2
  1562 | D:2      | Reached skill level 1 in Dodging
  2064 | D:2      | Reached XP level 4. HP: 32/40 MP: 3/3
  2337 | D:3      | Noticed Ijyb
  2347 | D:3      | Killed Ijyb
  2638 | D:3      | Reached skill level 4 in Long Blades
  2638 | D:3      | Reached XP level 5. HP: 38/46 MP: 4/4
  3206 | D:3      | Found a faded altar of an unknown god.
  3636 | D:3      | Became a worshipper of Lugonu the Unformed
  3636 | D:3      | Reached * piety under Lugonu
  3636 | D:3      | Reached ** piety under Lugonu
  3667 | D:4      | Reached skill level 5 in Armour
  3725 | D:4      | Reached XP level 6. HP: 39/53 MP: 5/5
  3728 | D:4      | Reached skill level 5 in Long Blades
  3866 | D:4      | Reached skill level 5 in Shields
  4269 | D:4      | Found a runed translucent door.
  4273 | D:4      | Noticed Gakkymeimi's ghost (amateur DrBr)
  4305 | D:4      | Killed Gakkymeimi's ghost
  4306 | D:4      | Reached XP level 7. HP: 53/60 MP: 6/6
  4358 | D:5      | Entered Level 5 of the Dungeon
  4369 | D:5      | Reached *** piety under Lugonu
  4371 | D:5      | Reached skill level 5 in Fighting
  4451 | D:5      | Reached skill level 6 in Long Blades
  4568 | D:5      | Found Sucir's Assorted Antiques.
  4577 | D:5      | Bought a potion of heal wounds for 120 gold pieces
  4751 | D:5      | Found the +9 staff of Olgreb {rPois∞}
  4798 | D:5      | Found a bloodstained altar of Trog.
  4898 | D:5      | Reached skill level 1 in Invocations
  5185 | D:5      | Found a snail-covered altar of Cheibriados.
  5307 | D:5      | Found a runed translucent gate.
  5307 | D:5      | Found a runed translucent gate.
  5308 | D:5      | Found a runed translucent door.
  5324 | D:5      | Found a runed translucent gate.
  5336 | D:5      | Found a runed translucent door.
  5641 | D:5      | Reached XP level 8. HP: 69/69 MP: 8/8
  5683 | D:5      | Reached skill level 7 in Long Blades
  5693 | D:5      | Reached **** piety under Lugonu
  5720 | D:5      | HP: 3/70 [gnoll/+0 halberd (10)]
  6414 | D:5      | Reached skill level 8 in Long Blades
  6681 | D:5      | Noticed a cyclops
  6685 | D:5      | Hit by a large rock thrown by a cyclops

Illustrated notes

Levels and vault maps discovered:
D:1:      wander_arrival_peaceful_grave, layout_basic, grunt_decor_fettered
D:2:      layout_basic
D:3:      layout_loops_ring, chequers_ecumenical_altar_lobes, uniq_ijyb
D:4:      layout_rooms, ebering_ghost_sewer_d
D:5:      lemuel_castle_with_subvaults [lemuel_castle_interior_original],
          layout_layer_cave, cheibriados_altar_1, lemuel_doored_altar,
          serial_shops, nicolae_shop_stone, dk_vineyard_2,
          minmay_guarded_unrand_staff_of_olgreb

Skill      XL: |  1  2  3  4  5  6  7  8 |
---------------+-------------------------+-----
Armour         | 4 5 6 7 |  7.2
Long Blades    | 3 4 5 6 8 |  8.2
Dodging        | 1 |  1.2
Shields        | 4 5 6 |  6.0
Fighting       | 4 5 6 |  6.1
Invocations    | 1 2 |  2.9
Stealth        | |  0.8

Action                   |  1- 3 |  4- 6 |  7- 9 || total
-------------------------+-------+-------+-------++-------
Melee: Long sword        |   107 |   185 |   215 ||   507
       Headbutt          |    18 |    40 |    50 ||   108
  Use: Scroll            |       |    10 |     2 ||    12
       Potion            |       |     1 |     1 ||     2
 Stab: Invisible         |       |     1 |       ||     1
Armor: Scale mail        |    53 |    34 |       ||    87
       Chain mail        |       |    43 |   118 ||   161
Dodge: Dodged            |    32 |    55 |   100 ||   187
Block: Kite shield       |    56 |   102 |   193 ||   351
       Rpst.: Long sword |     9 |    11 |    17 ||    37
